 Dungeon Crawl Stone Soup version 0.19.0-20-gbc5f0c6 (webtiles) character file.

1136 dobroeutro the Archer (level 8, 0/50 HPs)
             Began as an Octopode Hunter on Nov 16, 2016.
             Was a Believer of Okawaru.
             Slain by dobroeutro's ghost (7 damage)
             ... on level 5 of the Dungeon.
             The game lasted 00:08:31 (4272 turns).

dobroeutro the Archer (Octopode Hunter)             Turns: 4272, Time: 00:08:32

Health: 0/50       AC:  1    Str: 13    XL:     8   Next: 36%
Magic:  17/17      EV: 13    Int: 13    God:    Okawaru [**....]
Gold:   191        SH:  0    Dex: 13    Spells: 0 memorised, 7 levels left

rFire  + + .     SeeInvis +     a - +1 shortbow
rCold  x . .     Gourm    .     (shield currently unavailable)
rNeg   . . .     Faith    .     (helmet restricted)
rPois  +         Spirit   .     v - amulet of regeneration
rElec  .         Reflect  .     e - ring of see invisible
rCorr  .         Harm     .     b - ring of poison resistance
MR     .....                    j - ring of wizardry
Stlth  +++.......               p - ring of magical power
                                q - ring of fire
                                t - ring of protection from fire
                                (no ring)
                                (no ring)

@: no status effects
A: almost no armour, stealthy swim, amphibious, 8 rings, constrict 8, camouflage
1, gelatinous body 1
a: Heroism, Renounce Religion


You were on level 5 of the Dungeon.
You worshipped Okawaru.
Okawaru was pleased with you.
You were not hungry.

You visited 2 branches of the dungeon, and saw 6 of its levels.

You collected 191 gold pieces.

Inventory:

Hand Weapons
 a - a +1 shortbow (weapon)
 h - a +2 dagger of draining
Missiles
 c - 79 arrows (quivered)
Armour
 E - a +0 buckler
Jewellery
 b - a ring of poison resistance (right tentacle)
 e - a ring of see invisible (left tentacle)
 j - a ring of wizardry (on tentacle)
 p - a ring of magical power (on tentacle)
 q - a ring of fire (on tentacle)
 t - a ring of protection from fire (on tentacle)
 v - an amulet of regeneration (around mantle)
Wands
 x - a wand of disintegration (0/24)
 z - a wand of iceblast (0/15)
 B - a wand of slowing (23/48)
Scrolls
 f - 2 scrolls of amnesia {unknown}
 o - a scroll of remove curse {unknown}
 s - 10 scrolls of identify {unknown}
 u - 2 scrolls of teleportation {unknown}
 y - a scroll of enchant armour {unknown}
 C - a scroll of magic mapping {unknown}
Potions
 l - 3 potions of curing
 n - a potion of heal wounds
Comestibles
 d - 4 bread rations
 i - a beef jerky
 m - 3 slices of pizza
 r - 2 meat rations


   Skills:
 - Level 2.0 Fighting
 * Level 10.2 Bows
 - Level 2.0 Dodging
 - Level 3.3 Stealth


You had 7 spell levels left.
You didn't know any spells.

Dungeon Overview and Level Annotations

Branches:
Dungeon (5/15)             Temple (1/1) D:4

Altars:
Cheibriados
Dithmenos
Elyvilon
Fedhas
Gozag
Hepliaklqana
Kikubaaqudgha
Makhleb
Nemelex Xobeh
Okawaru
Qazlal
Ru
Sif Muna
Trog
Uskayaw
Vehumet
Xom
Yredelemnul
Zin
The Shining One

Shops:
D:5 %

Annotations:
D:5 dobroeutro's ghost, novice CeHu


Innate Abilities, Weirdness & Mutations

You cannot wear most types of armour.
You are very stealthy in the water. (Stealth+)
You are amphibious.
You can wear up to eight rings at the same time.
You can use your tentacles to constrict eight enemies at once.
Your skin changes colour to match your surroundings (Stealth+).
Your rubbery body absorbs attacks. (AC +1, EV +1)


Message History

The arrow barely misses the crimson imp.
Dobroeutro's ghost hits you! Dobroeutro's ghost burns you.
* * * LOW HITPOINT WARNING * * *
You are too injured to fight recklessly!
You are too injured to fight recklessly!
You are too injured to fight recklessly!
You are too injured to fight recklessly!
You are too injured to fight recklessly!
Firing (i - inventory):
c - 80 arrows (quivered)
Press: ? - help, Shift-Dir - straight line, f/p - dobroeutro's ghost
Aim: dobroeutro's ghost, wielding a weapon of flaming (heavily damaged)
You shoot an arrow. The arrow hits dobroeutro's ghost!
Dobroeutro's ghost is severely damaged.
Dobroeutro's ghost hits you!
* * * LOW HITPOINT WARNING * * *
Dobroeutro's ghost burns you.
* * * LOW HITPOINT WARNING * * *
The crimson imp laughs crazily.
Dobroeutro's ghost hits you!
You die...

#.#####...#.# #.#
#.........(.# #.# #.
#.#####..(#∩# #.#
#.##.##.....(#.# #.#
#.#.....)..5...####<####
#.......###(.#..........
#.........5((#......###.
##.....W###.........# #.
##...#@# #<#######.# #.
##.##.# #(# #.# ##
#.##.###.# #.#
#.##.##.(# #.# #
###.##.##.## #.# #
#......##.# ###.# #
#.###.###.# #...# # #.#
#.# #.# #.### # #.# #.#
#.# #.# #


You could see dobroeutro's ghost.

Vanquished Creatures
  Pikel (D:4)
  Menkaure (D:4)
  An ogre (D:3)
  A centaur (D:5)
  A gnoll sergeant (D:5)
  A scorpion (D:4)
  Crazy Yiuf (D:4)
  A centaur skeleton (D:4)
  Natasha (thrice) (D:4)
  A worker ant (D:4)
  A hound skeleton (D:4)
  A howler monkey zombie (D:5)
  5 gnolls (D:5)
  5 adders
  A shadow imp (D:4)
  A worm (D:2)
  2 dart slugs
  2 leopard geckos
  2 orcs
  A giant cockroach (D:1)
  5 goblins
  2 hobgoblins
  7 jackals (D:2)
  A quokka (D:4)
  A ball python (D:4)
  4 bats (D:1)
  4 frilled lizards
  A jackal skeleton (D:4)
  3 kobolds
  6 rats
67 creatures vanquished.

Notes
Turn   | Place    | Note
-------+----------+-------------------------------------------
     0 | D:1      | dobroeutro the Octopode Hunter began the quest for the Orb.
     0 | D:1      | Reached XP level 1. HP: 14/14 MP: 1/1
   407 | D:1      | Reached XP level 2. HP: 7/19 MP: 2/2
   952 | D:1      | Reached XP level 3. HP: 23/24 MP: 3/3
  1337 | D:2      | Found a glowing golden altar of the Shining One.
  1548 | D:3      | Reached skill level 5 in Bows
  1631 | D:3      | Reached XP level 4. HP: 20/29 MP: 4/4
  2336 | D:3      | Found a sacrificial altar of Ru.
  2599 | D:4      | Found a staircase to the Ecumenical Temple.
  2610 | Temple   | Entered the Ecumenical Temple
  2700 | Temple   | Became a worshipper of Warmaster Okawaru
  2842 | D:4      | Noticed Natasha
  2853 | D:4      | Killed Natasha
  3009 | D:4      | Noticed a slave
  3031 | D:4      | Noticed Natasha
  3034 | D:4      | Noticed Pikel
  3036 | D:4      | Noticed a slave
  3050 | D:4      | Noticed a slave
  3078 | D:4      | Killed Natasha
  3078 | D:4      | Reached XP level 5. HP: 34/34 MP: 5/5
  3088 | D:4      | Found a shadowy altar of Dithmenos.
  3121 | D:4      | Noticed an ogre
  3130 | D:4      | Noticed Natasha
  3217 | D:3      | Killed an ogre
  3217 | D:3      | Reached skill level 6 in Bows
  3275 | D:4      | Reached XP level 6. HP: 37/39 MP: 6/6
  3277 | D:4      | Killed Natasha
  3308 | D:4      | Reached skill level 7 in Bows
  3335 | D:4      | Reached * piety under Okawaru
  3355 | D:4      | Noticed Menkaure
  3375 | D:4      | Killed Menkaure
  3408 | D:4      | Reached skill level 8 in Bows
  3408 | D:4      | Reached XP level 7. HP: 37/45 MP: 7/7
  3555 | D:4      | Found a runed door.
  3597 | D:4      | Killed Pikel
  3597 | D:4      | Reached ** piety under Okawaru
  3597 | D:4      | Reached skill level 9 in Bows
  3597 | D:4      | Reached XP level 8. HP: 41/50 MP: 8/8
  3730 | D:4      | Noticed Crazy Yiuf
  3736 | D:4      | Killed Crazy Yiuf
  3773 | D:5      | Entered Level 5 of the Dungeon
  3787 | D:5      | Found Kairon's Food Shoppe.
  3840 | D:5      | Reached skill level 10 in Bows
  4077 | D:5      | Noticed dobroeutro's ghost (novice CeHu)
  4272 | D:5      | Slain by dobroeutro's ghost

Skill      XL: |  1  2  3  4  5  6  7  8 |
---------------+-------------------------+-----
Stealth        | 2 3 |  3.3
Bows           | 5 6 8 9 10 | 10.2
Fighting       | |  2.0
Dodging        | |  2.0

Action                   |  1- 3 |  4- 6 |  7- 9 || total
-------------------------+-------+-------+-------++-------
Melee: Dagger            |    62 |    56 |    81 ||   199
       Short sword       |     2 |       |       ||     2
       Constrict         |    11 |    13 |     7 ||    31
       Tentacles         |     6 |    10 |    14 ||    30
 Fire: Shortbow          |       |       |    27 ||    27
Evoke: Wand              |       |     3 |     5 ||     8
  Use: Potion            |       |       |     6 ||     6
 Stab: Sleeping          |     8 |     4 |     3 ||    15
  Eat: Chunk             |     2 |     6 |     3 ||    11
Armor: Skin              |     7 |     2 |    24 ||    33
Dodge: Dodged            |    43 |    42 |    32 ||   117
Block: Buckler           |       |       |    10 ||    10
